 Dungeon Crawl Stone Soup version 0.28.0 (webtiles) character file.

Game seed: 12293417623595639351

1374 inmateoo the Grappler (level 8, -5/44 HPs)
             Began as a Vine Stalker Fighter on Feb 13, 2022.
             Was a Follower of Cheibriados.
             Slain by a troll (8 damage)
             ... on level 5 of the Dungeon on Feb 14, 2022.
             The game lasted 00:06:57 (3828 turns).

inmateoo the Grappler (Vine Stalker Fighter)        Turns: 3828, Time: 00:06:58

Health: -5/44      AC: 10    Str: 23    XL:     8   Next: 66%
Magic:  0/9        EV:  7    Int: 11    God:    Cheibriados [*.....]
Gold:   145        SH:  5    Dex: 18    Spells: 7/7 levels left

rFire   . . .      SeeInvis .     - Unarmed
rCold   . . .      Faith    .   b - +0 buckler
rNeg    . . .      Spirit   +   p - +0 chain mail
rPois   .          Reflect  .   (no helmet)
rElec   .          Harm     .   k - +0 cloak
rCorr   +          Rampage  .   (no gloves)
Will    +....                   (no boots)
Stlth   ..........              (no amulet)
HPRegen 0.94/turn               m - ring of resist corrosion
MPRegen 0.11/turn               (no ring)

@: invisible, very slow
A: fangs 3, regeneration 1, magic shield, antimagic bite, no potion heal 2
a: Renounce Religion, Bend Time


You were on level 5 of the Dungeon.
You worshipped Cheibriados.
Cheibriados was aware of your devotion.
You visited 2 branches of the dungeon, and saw 6 of its levels.

You collected 145 gold pieces.

Inventory:

Missiles
 g - a throwing net (quivered)
Armour
 b - a +0 buckler (worn)
 k - a +0 cloak (worn)
 p - a +0 chain mail (worn)
Jewellery
 m - a ring of resist corrosion (left hand)
Wands
 n - a wand of polymorph (16)
Scrolls
 a - a scroll of enchant weapon
 h - a scroll of blinking
 i - a scroll of silence {unknown}
 j - a scroll of magic mapping
Potions
 c - a potion of might
 e - a potion of cancellation
 f - a potion of ambrosia
 l - a potion of resistance
 q - 2 potions of flight
 r - a potion of attraction {unknown}


   Skills:
 + Level 6.0 Fighting
 + Level 2.5 Armour
 + Level 0.5 Dodging
 + Level 2.9 Shields
 * Level 8.5 Unarmed Combat


You had 7 spell levels left.
You didn't know any spells.
Your spell library contained the following spells:

 Spells                   Type           Power      Damage    Failure   Level
 Summon Forest            Summ/Tloc      0%         N/A       100%        5
 Summon Mana Viper        Hex/Summ       0%         N/A       100%        5
 Summon Cactus Giant      Summ           0%         N/A       100%        6


Dungeon Overview and Level Annotations

Branches:
Dungeon (5/15)             Temple (1/1) D:4

Altars:
Ashenzari
Cheibriados
Dithmenos
Elyvilon
Gozag
Hepliaklqana
Kikubaaqudgha
Makhleb
Nemelex Xobeh
Okawaru
Qazlal
Ru
Sif Muna
Trog
Uskayaw
Vehumet
Wu Jian
Xom
Yredelemnul
Zin
The Shining One

Shops:
D:1 =


Innate Abilities, Weirdness & Mutations

You have razor-sharp teeth.
Your natural rate of healing is unusually fast.
When hurt, damage is shared between your health and your magic reserves.
Your bite disrupts and absorbs the magic of your enemies.
Potions cannot restore your health.


Message History

You barely miss the orc. You bite the orc. You drain its power.
The orc is almost dead.
A troll comes into view.
The orc hits you but does no damage.
The troll shouts!
You punch the orc!
You kill the orc!
Cheibriados appreciates the change of pace.
You closely miss the troll. You bite the troll. You drain its power.
The troll is lightly wounded.
The troll bites you! The troll claws you! You block the troll's attack.
You are too injured to fight recklessly!
You closely miss the troll. You bite the troll. You drain its power.
You feel invigorated.
The troll is lightly wounded.
You closely miss the troll.
The troll is lightly wounded.
You block the troll's attack. The troll claws you!
You block the troll's attack.
You are too injured to fight recklessly!
You punch the troll! You bite the troll! You drain its power.
You feel invigorated.
The troll is heavily wounded.
The troll bites you! The troll claws you.
* * * LOW HITPOINT WARNING * * *
The troll closely misses you.
You hit the troll but do no damage.
The troll is heavily wounded.
The troll bites you but does no damage. The troll claws you but does no damage.
You block the troll's attack.
You punch the troll!
The troll is severely wounded.
The troll bites you.
* * * LOW HITPOINT WARNING * * *
The troll claws you!
* * * LOW HITPOINT WARNING * * *
You block the troll's attack.
You fade into invisibility!
The troll bites you!
You die...

.#..............
.....#......o.o..
..##.#.......>...
...............(.
..........#
......#..##
#........##♣♣
#.......T#..♣♣♣♣♣♣
#....†.@........♣
#........))♣♣♣♣♣...
........$?♣♣
....#...><#
...###..).# ...
#....# # #.....#
.......# ..#.....#


You could see a troll.

Vanquished Creatures
  Pikel (D:4)
  Sigmund (D:2)
  Edmund (D:4)
  Duvessa (D:4)
  An ogre (D:4)
  A scorpion (D:4)
  Dowan (D:4)
  A howler monkey (D:5)
  A hound (D:4)
  Crazy Yiuf (D:2)
  A gnoll shaman (D:5)
  A hound skeleton (D:4)
  9 adders
  9 gnolls
  2 worms
  4 orcs
  10 bats
  9 endoplasms
  3 giant cockroaches
  3 hobgoblins
  10 jackals
  3 quokkas
  10 ball pythons
  A frilled lizard (D:1)
  3 goblins
  11 kobolds
  5 rats
104 creatures vanquished.

Vanquished Creatures (others)
  A fungus (D:1)
1 creature vanquished.

Grand Total: 105 creatures vanquished

Notes
Turn   | Place    | Note
-------+----------+-------------------------------------------
     0 | D:1      | inmateoo the Vine Stalker Fighter began the quest for the
                  | Orb.
     0 | D:1      | Reached XP level 1. HP: 11/11 MP: 2/2
   106 | D:1      | Found a faded altar of an unknown god.
   183 | D:1      | Found Oklef's Jewellery Shop.
   285 | D:1      | Reached XP level 2. HP: 10/16 MP: 1/3
   963 | D:1      | Reached skill level 3 in Unarmed Combat
   966 | D:1      | Reached XP level 3. HP: 20/20 MP: 2/4
  1229 | D:2      | Gained mutation: Your natural rate of healing is unusually
                  | fast. [Vine Stalker growth]
  1229 | D:2      | Reached XP level 4. HP: 19/24 MP: 3/5
  1326 | D:2      | Reached skill level 4 in Unarmed Combat
  1393 | D:2      | Noticed Sigmund
  1433 | D:2      | Killed Sigmund
  1434 | D:2      | Reached skill level 5 in Unarmed Combat
  1434 | D:2      | Reached XP level 5. HP: 29/29 MP: 6/6
  1434 | D:2      | Reached XP level 6. HP: 33/33 MP: 7/7
  1705 | D:2      | Found a runed translucent door.
  1706 | D:2      | Noticed Crazy Yiuf
  1863 | D:2      | Killed Crazy Yiuf
  2748 | D:4      | Found a staircase to the Ecumenical Temple.
  2762 | Temple   | Entered the Ecumenical Temple
  2944 | Temple   | Became a worshipper of Cheibriados the Contemplative
  3049 | D:4      | Reached skill level 6 in Unarmed Combat
  3049 | D:4      | Reached XP level 7. HP: 24/38 MP: 4/8
  3072 | D:4      | Noticed Pikel
  3095 | D:4      | Killed Pikel
  3096 | D:4      | Reached skill level 5 in Fighting
  3096 | D:4      | Reached skill level 7 in Unarmed Combat
  3096 | D:4      | Gained mutation: You have razor-sharp teeth. [Vine Stalker
                  | growth]
  3096 | D:4      | Reached XP level 8. HP: 29/44 MP: 9/9
  3258 | D:4      | Reached * piety under Cheibriados
  3311 | D:4      | Noticed Edmund
  3338 | D:4      | Killed Edmund
  3343 | D:4      | Reached skill level 8 in Unarmed Combat
  3401 | D:4      | Noticed Duvessa
  3401 | D:4      | Noticed Dowan
  3414 | D:4      | Killed Duvessa
  3419 | D:4      | Killed Dowan
  3754 | D:5      | Entered Level 5 of the Dungeon
  3818 | D:5      | Noticed a troll
  3827 | D:5      | HP: 2/44 [troll (9)]
  3828 | D:5      | Slain by a troll

Illustrated notes

Levels and vault maps discovered:
D:1:      minmay_arrival_plants_in_alcoves, layout_loops_ring, serial_shops,
          shop, hellmonk_ecumenical_altar_dog_temple
D:2:      layout_loops_ring, lemuel_old_faithful, uniq_sigmund,
          uniq_crazy_yiuf_cottage
D:3:      layout_basic, nicolae_underground_beach
D:4:      layout_basic, minmay_temple_entry_statues_fountains, uniq_duvessa,
          uniq_pikel, uniq_edmund
D:5:      layout_cave_pools, fedhas_altar_4
Temple:   mainiacjoe_temple_starburst

Skill      XL: |  1  2  3  4  5  6  7  8 |
---------------+-------------------------+-----
Fighting       | 3 4 5 6 |  6.0
Unarmed Combat | 3 5 6 7 8 |  8.5
Armour         | |  2.5
Dodging        | |  0.5
Shields        | |  2.9

Action                   |  1- 3 |  4- 6 |  7- 9 || total
-------------------------+-------+-------+-------++-------
Melee: Unarmed           |   104 |   121 |   138 ||   363
       Bite              |    15 |    34 |    36 ||    85
  Use: Scroll            |     4 |     1 |     6 ||    11
       Potion            |       |       |     1 ||     1
Armor: Scale mail        |    48 |    48 |       ||    96
       Chain mail        |       |     4 |    55 ||    59
Dodge: Dodged            |    43 |    49 |    37 ||   129
Block: Buckler           |    24 |    26 |    34 ||    84
